 Dungeon Crawl Stone Soup version 0.20.0-15-g7f486f2 (webtiles) character file.

69 Hasart the Sneak (level 4, -1/21 HPs)
             Began as a Spriggan Enchanter on June 9, 2017.
             Slain by Rakdos's ghost (11 damage)
             ... on level 3 of the Dungeon.
             The game lasted 00:03:58 (1897 turns).

Hasart the Sneak (Spriggan Enchanter)               Turns: 1897, Time: 00:03:59

Health: -1/21      AC:  3    Str:  4    XL:     4   Next: 2%
Magic:  9/9        EV: 19    Int: 17    God:
Gold:   81         SH:  0    Dex: 16    Spells: 6/9 levels left

rFire    . . .     SeeInvis +   a - +1 dagger
rCold    . . .     Gourm    .   (shield restricted)
rNeg     . . .     Faith    .   b - +1 robe
rPois    .         Spirit   .   (helmet restricted)
rElec    .         Reflect  .   (no cloak)
rCorr    .         Harm     .   (gloves unavailable)
MR       .....                  (boots unavailable)
Stlth    +++.......             (no amulet)
Regen    0.1/turn               (no ring)
MPRegen  0.2/turn               (no ring)

@: very quick
A: unfitting armour, see invisible, herbivore 3, speed 3, slow metabolism 2
a: no special abilities


You were on level 3 of the Dungeon.
You were not hungry.

You visited 1 branch of the dungeon, and saw 3 of its levels.

You collected 81 gold pieces.

Inventory:

Hand Weapons
 a - a +1 dagger (weapon)
Armour
 b - a +1 robe (worn)
Scrolls
 h - a scroll of enchant armour
Books
 c - a book of Maledictions

   Spells                             Type                      Level
   a - Corona                         Hexes                        1
   b - Ensorcelled Hibernation        Hexes/Ice                    2
   c - Confuse                        Hexes                        3
   d - Tukima's Dance                 Hexes                        3
   e - Dazzling Spray                 Conjuration/Hexes            3
Comestibles
 d - 2 bread rations
 f - 2 fruits


   Skills:
 + Level 1.9 Short Blades
 + Level 3.6 Dodging
 + Level 5.2 Stealth
 + Level 3.2 Spellcasting
 * Level 4.5 Hexes


You had 6 spell levels left.
You knew the following spells:

 Your Spells              Type           Power        Failure   Level  Hunger
a - Ensorcelled Hibernat  Hex/Ice        ##....       10%         2    ##.....
b - Corona                Hex            ###....      2%          1    None


Dungeon Overview and Level Annotations

Branches:
Dungeon (3/15)

Altars:
Trog
Uskayaw

Annotations:
D:3 Rakdos's ghost, amateur MiBe


Innate Abilities, Weirdness & Mutations

You are very small and have problems with some larger weapons.
You are too small for most types of armour.
You have supernaturally acute eyesight. (SInv)
You are a herbivore.
You cover ground extremely quickly.
You need consume almost no food.


Message History

You have reached level 4!
Rakdos's ghost (amateur Minotaur Berserker) comes into view.
An ooze comes into view.
Casting: Ensorcelled Hibernation
Confirm with . or Enter, or press ? or * to list all spells.
You can't see any susceptible monsters within range! (Use Z to cast anyway.) It was a potion of curing.
You feel better. Rakdos's ghost misses you.
It was a potion of cancellation.
You feel magically purged. Rakdos's ghost closely misses you.
You aren't carrying any potions.
As you read the scroll labeled WANERAM UZIXE, it crumbles to dust.
It is a scroll of recharging.
You aren't carrying any rechargeable items.
Rakdos's ghost hits you!
Ouch! That really hurt!
As you read the scroll labeled ENYLAH TINKUXA, it crumbles to dust.
It is a scroll of enchant armour.
Your +0 robe glows green for a moment.
Rakdos's ghost hits you!
Ouch! That really hurt!
You die...

......†...#⌠._##
..........>.#
#########.÷...8#
##########..#
###⌠._### #..#
###.#.############
#..#
###.##..........##...
#.##..........##...
#.##...............
#.##..........###..
#.@W...............
####............##.
#.#.######...###
#.#..........# #
#.#######...†# # #.#
#..### #.# #..#####
#.# #....... #J
#)###...


You could see Rakdos's ghost.

Vanquished Creatures
  3 adders (D:3)
  An ooze (D:1)
  A worm (D:2)
  2 leopard geckos (D:3)
  An orc (D:3)
  2 giant cockroaches (D:1)
  3 goblins
  A hobgoblin (D:1)
  4 jackals (D:2)
  2 kobolds
  A quokka (D:3)
  5 bats (D:3)
  A frilled lizard (D:1)
  5 rats
32 creatures vanquished.

Notes
Turn   | Place    | Note
-------+----------+-------------------------------------------
     0 | D:1      | Hasart the Spriggan Enchanter began the quest for the Orb.
     0 | D:1      | Reached XP level 1. HP: 9/9 MP: 5/5
   383 | D:1      | Reached XP level 2. HP: 13/13 MP: 6/6
   387 | D:1      | Learned a level 2 spell: Ensorcelled Hibernation
   617 | D:1      | You fall through a shaft!
  1095 | D:3      | Found a bloodstained altar of Trog.
  1095 | D:3      | Found a hide-covered altar of Uskayaw.
  1105 | D:3      | Reached XP level 3. HP: 5/16 MP: 1/8
  1115 | D:3      | Reached skill level 5 in Stealth
  1874 | D:3      | Reached XP level 4. HP: 21/21 MP: 9/9
  1875 | D:3      | Noticed Rakdos's ghost (amateur MiBe)
  1897 | D:3      | Slain by Rakdos's ghost

Skill      XL: |  1  2  3 |
---------------+----------+-----
Hexes          | 4 |  4.5
Spellcasting   | 3 |  3.2
Stealth        | 5 |  5.2
Short Blades   | |  1.9
Dodging        | |  3.6

Action                   |  1- 3 |  4- 6 || total
-------------------------+-------+-------++-------
Melee: Dagger            |   116 |       ||   116
 Cast: Ensorcelled Hiber |    16 |       ||    16
       Corona            |     1 |       ||     1
  Use: Scroll            |       |     2 ||     2
       Potion            |       |     2 ||     2
 Stab: Sleeping          |    15 |       ||    15
Armor: Robe              |    19 |       ||    19
Dodge: Dodged            |   139 |     2 ||   141
